[Event "Silver Lake Festival 2022"]
[Site "Veliko Gradiste"]
[Date "2022.06.21"]
[Round "4.2"]
[White "Stremavicius, Titas"]
[Black "Markovic, Zoran S"]
[Result "1-0"]
[ECO "A14"]
[WhiteElo "2508"]
[BlackElo "2313"]
[Annotator "TA"]
[PlyCount "119"]
[EventDate "2022.06.16"]
[EventType "swiss"]
[EventCountry "SRB"]
[SourceTitle "playchess.com"]
[Source "ChessBase"]
[SourceQuality "1"]
[TimeControl "5400+30"]

1. c4 e6 2. g3 Nf6 3. Bg2 d5 4. Nf3 Be7 5. b3 c5 6. e3 Nc6 7. Bb2 O-O 8. O-O b6 9. Nc3 Bb7 10. cxd5 Nxd5 11. Nxd5 exd5 12. d4 a5 {[%emt 0:00:57] is the legacy move (12...Bf6). A14: English Opening: 1...e6 with b3 by White.} 13. Qd2 a4 14. Rfd1 axb3 {[%emt 0:06:35] White has an edge.} 15. axb3 Rxa1 16. Bxa1 Qa8 17. Bc3 Rd8 18. Qb2 Bf8 19. Ne1 cxd4 20. Bxd4 Nxd4 21. Qxd4 {[#]} Bc5 $146 ({Predecessor:} 21... Qa5 22. Nd3 Qb5 23. Qb2 Bd6 24. Nf4 Bxf4 25. gxf4 h6 26. Bf3 Bc8 27. b4 Bh3 {½-½ (48) Hickl,J (2617)-Sokolov,A (2606) Switzerland 2007}) 22. Qb2 Be7 23. Qe5 Bd6 24. Qf5 Qa5 (24... Bf8 $14) 25. Bxd5 $16 Bxd5 26. Qxd5 Qxd5 27. Rxd5 {[%emt 0:00:03][%mdl 4096] Endgame KRB-KRN} Be7 28. Rb5 Rd6 29. Nf3 Kf8 30. Ne5 Bd8 31. Nc4 Rc6 32. f4 g6 33. Kg2 {[%emt 0:01:21] White is more active.} Bc7 34. e4 Ke7 35. Kf3 h5 36. h3 Ke6 {[%emt 0:00:00] [#]} 37. g4 $1 hxg4+ 38. hxg4 Rc5 $2 (38... Kd7 39. g5 Ke6) 39. Rxc5 $18 bxc5 {[%emt 0:00:00] KB-KN} 40. Ke3 $2 (40. e5 {Hoping for Ke4.} Kd5 41. Ne3+ Kd4 42. g5) 40... Bb8 $2 (40... f6 41. Nb2 Bd8) 41. e5 {[%emt 0:07:00] Ke4 is the strong threat.} Kd5 42. g5 Bc7 43. Kd3 {[%emt 0:00:05] Strongly threatening Ne3+.} Ke6 44. Ke4 Bd8 45. Nd6 Bc7 {[%emt 0:00:37] [#]} 46. Ne8 $2 (46. Nb7 $1 $18 {[%cal Rb7c5] is the precise move to win.} Bb6 47. Kd3) 46... Bb8 $2 {[%emt 0:01:17][%mdl 8192] This move loses the game for Black.} (46... Ba5 $16 47. Nd6 Bd8) 47. Ng7+ Ke7 48. f5 gxf5+ 49. Nxf5+ Ke6 50. Ng7+ Ke7 51. Kd5 Bc7 52. Nf5+ Kf8 53. Nd6 Bd8 54. Ne4 Be7 55. Kc6 Ke8 56. Nf6+ Kd8 57. Kd5 {[%emt 0:00:09] Intending e6 and mate.} Kc7 58. e6 {[%emt 0:00:11] White mates.} fxe6+ 59. Kxe6 Kd8 60. Kf7 {[%emt 0:00:06] Weighted Error Value: White=0.41/Black=0.31} 1-0

[Event "Silver Lake Festival 2022"]
[Site "Veliko Gradiste"]
[Date "2022.06.21"]
[Round "4.3"]
[White "Song, Raymond"]
[Black "Mohammad Nubairshah Shaikh"]
[Result "1/2-1/2"]
[ECO "D10"]
[WhiteElo "2485"]
[BlackElo "2443"]
[Annotator "TA"]
[PlyCount "102"]
[EventDate "2022.06.16"]
[EventType "swiss"]
[EventCountry "SRB"]
[SourceTitle "playchess.com"]
[Source "ChessBase"]
[SourceQuality "1"]
[TimeControl "5400+30"]

1. d4 d5 2. c4 c6 3. Nc3 dxc4 4. e3 b5 5. a4 b4 6. Ne4 {[%emt 0:00:07] D10: Slav Defence: 3 cxd5 (without early Nf3) and 3 Nc3.} Qd5 7. Nd2 c3 8. bxc3 {[%emt 0:00:04] White has an edge.} bxc3 9. Nb1 Qa5 10. Qc2 Na6 {[%emt 0:00:21] aiming for ...Nb4.} 11. Qxc3 Nb4 12. Bd2 e6 13. Nf3 Nf6 14. Bc4 Be7 15. O-O O-O 16. Rc1 Rb8 17. Be1 {[%emt 0:00:38] [#]} c5 $146 ({Predecessor:} 17... Qh5 18. Nbd2 c5 19. dxc5 Qxc5 20. Qe5 Bb7 21. Qxc5 Bxc5 22. Nb3 Be7 23. Ne5 Nc6 {1-0 (60) Emourlov,E (1956)-Preussner,M (2041) ICCF email 2019}) 18. Nbd2 cxd4 19. Nxd4 Bb7 20. Qb3 Qh5 21. Qd1 (21. N2f3 Be4 22. Qd1 e5 $15) 21... Qg6 22. N2f3 Rfd8 23. Qe2 Nh5 (23... Nfd5 $11) 24. Qf1 a5 25. Ne5 Qe4 26. Bxb4 (26. Ndf3 {seems wilder.} Bf6 27. Bc3 Rbc8 28. Rab1) 26... Bxb4 {[%emt 0:02:20] [#]} (26... axb4 $11 27. Nef3 Qg6) 27. Nxf7 $1 Kxf7 $11 28. Nxe6 Ke7 {[%emt 0:00:41] Strongly threatening ...Rd6.} 29. Nxd8 Rxd8 30. Be2 {[%emt 0:00:27] The board is on fire.} Qe5 $36 {[%emt 0:06:24][%mdl 2048] Against Rc7+. Black has the initiative.} 31. Bxh5 Bd6 32. f4 $1 Qxh5 33. Rab1 Qd5 34. Rb5 Qe4 35. Qf2 Kf8 36. Rxa5 (36. Qf3 $11 Ba8 37. Qxe4 (37. Rxa5 Bb4 $15) 37... Bxe4 38. Rd1 (38. Rxa5 Bb4 $15)) 36... Bc7 37. Rb5 {[%emt 0:02:16] Threatens to win with Qf3.} Bc6 {[%emt 0:00:08] [#]} (37... Bd6 $11 {keeps the balance.}) 38. Rb2 (38. Qf3 $1 $16 Qxf3 39. Rf5+ (39. gxf3 Bxb5 40. Rxc7 Bxa4 $17) 39... Ke7 40. gxf3) 38... Bxa4 39. Qf3 Qxf3 40. gxf3 Bd6 41. Rd2 Ke7 42. Rc4 Bb3 {[%emt 0:01:44] This bishop pair is nice.} 43. Rcd4 (43. Re4+ $14 {was preferrable.} Kd7 44. Red4 (44. Rb4 Bf7 $14)) 43... Be6 {[%emt 0:00:29] The position is equal.} 44. Kg2 Bc7 45. Rxd8 Bxd8 46. Rc2 Kf7 47. Rc6 h5 48. Ra6 Bf6 49. Ra7+ Kf8 50. Kg3 g6 51. Ra5 Kg8 {[%emt 0:00:14] Weighted Error Value: White=0.13 (very precise) /Black=0.17 (very precise)} 1/2-1/2

[Event "Silver Lake Festival 2022"]
[Site "Veliko Gradiste"]
[Date "2022.06.21"]
[Round "4.4"]
[White "Tyurin, Artem"]
[Black "Ramoutar, Alan-Safar"]
[Result "1/2-1/2"]
[ECO "A19"]
[WhiteElo "2174"]
[BlackElo "2477"]
[Annotator "TA"]
[PlyCount "127"]
[EventDate "2022.06.16"]
[EventType "swiss"]
[EventCountry "SRB"]
[SourceTitle "playchess.com"]
[Source "ChessBase"]
[SourceQuality "1"]
[TimeControl "5400+30"]

1. c4 e6 2. Nc3 Nf6 3. e4 c5 4. e5 Ng8 5. Nf3 Nc6 6. d4 cxd4 7. Nxd4 Nxe5 8. Ndb5 a6 9. Nd6+ Bxd6 10. Qxd6 f6 11. Be3 {[%emt 0:01:24][%mdl 1024] White has compensation.} Ne7 {[%emt 0:00:31] A19: English Opening: Flohr-Mikenas System with 3...c5.} 12. Bb6 Nf5 13. Qb4 Nc6 14. Qc5 d6 15. Bxd8 dxc5 16. Bb6 Ne5 17. Bxc5 g5 $1 {[%emt 0:01:28][%mdl 4] outshines the older 17...Bd7.} 18. Be2 h5 19. Ne4 Kf7 {[%emt 0:00:28] [#]} 20. Ng3 $146 ({Predecessor:} 20. O-O Bd7 21. b4 Bc6 22. Nd6+ Nxd6 23. Bxd6 Ng6 24. b5 axb5 25. cxb5 Bd5 26. Rfc1 {1-0 (57) Keymer,V (2655)-Haria,R (2499) Germany 2022}) 20... h4 21. Nxf5 exf5 22. f4 gxf4 23. O-O Bd7 24. Rxf4 Rag8 25. Raf1 Bc6 26. R1f2 Be4 27. Bd4 {[%emt 0:02:47][%cal Of4e4] This bishop pair is nice.} Ke6 28. Bd1 $2 (28. h3 $11 {and White has nothing to worry.}) 28... Rd8 $19 29. Rd2 Nd3 $1 $36 {[%emt 0:00:34][%mdl 2048] Black is really pushing.} 30. Bb6 (30. Rxd3 $142 Bxd3 31. Bb3) 30... Rd6 $1 31. c5 {[%emt 0:01:03] [#]} Nxc5 32. Rxd6+ $15 Kxd6 33. Bxc5+ (33. Rf2 $15) 33... Kxc5 $19 {[%emt 0:00:02][%mdl 4096] Endgame KRB-KRB} 34. Bf3 (34. Bg4 $17 {might work better.}) 34... Kd4 $1 35. Kf2 {[%emt 0:01:08] [#]} Rc8 $1 ({Stronger than} 35... Ke5 36. Ke3 $15) 36. Bxe4 (36. Rxh4 Rc2+ 37. Kg3) 36... fxe4 37. Rxh4 {[%emt 0:00:06] KR-KR} Rc2+ 38. Kg3 Rxb2 39. Rh7 f5 (39... e3 $142 40. h4 Rxa2) 40. h4 Ke3 ({Weaker is} 40... Rxa2 41. Rxb7 Ra1 42. Rd7+ Ke3 43. Rf7) 41. Rf7 Rxa2 42. Rxf5 Kd4 (42... Rd2 $17 {Threatens to win with ...Rd6.} 43. Ra5 Rd6) 43. Rf7 $11 b5 44. h5 Ra1 {[%emt 0:00:00] aiming for ...Rh1.} 45. Kh2 {[%emt 0:03:12] Prevents Rh1+.} Rc1 {[%emt 0:00:00] Strongly threatening ...e3.} 46. g4 e3 47. Re7 ({Better is} 47. Rd7+ $11 Ke5 48. h6) 47... b4 (47... Rc6 $1 $15 48. Kg3 b4) 48. h6 $1 b3 {[%emt 0:00:25] Hoping for ...b2.} 49. Rd7+ Ke4 {[%emt 0:00:19] ( -> ...b2)} 50. h7 Rc8 51. Kg3 $2 (51. Re7+ $11 Kd3 52. Rb7) 51... b2 52. Rb7 {[%emt 0:02:12] [#]} Rh8 $2 ({Black should play} 52... e2 $1 $19 53. Kf2 Kd3) 53. Rxb2 {[%emt 0:00:46] The position is equal.} Rxh7 54. Ra2 Rh6 55. Ra4+ Kd3 56. Ra3+ Kd4 57. Ra4+ Kd3 58. Ra3+ Kd2 {[%emt 0:00:16] And now ...Re6 would win.} 59. Ra2+ Kd1 {[%emt 0:00:28] White must now prevent ...Re6.} 60. Ra1+ Kc2 61. Ra2+ Kb3 62. Re2 Re6 {[%emt 0:00:18] ...Kc3 is the strong threat.} 63. Kf3 Rf6+ 64. Ke4 {[%emt 0:04:43] Weighted Error Value: White=0.40/Black=0.25 (precise)} 1/2-1/2

[Event "Silver Lake Festival 2022"]
[Site "Veliko Gradiste"]
[Date "2022.06.21"]
[Round "4.5"]
[White "Creanga, Robert-Ionut"]
[Black "Sadikhov, Ulvi"]
[Result "0-1"]
[ECO "E93"]
[WhiteElo "2201"]
[BlackElo "2491"]
[Annotator "RC"]
[PlyCount "114"]
[EventDate "2022.06.16"]
[EventType "swiss"]
[EventCountry "SRB"]
[SourceTitle "playchess.com"]
[Source "ChessBase"]
[SourceQuality "1"]
[TimeControl "5400+30"]

1. d4 Nf6 2. c4 d6 3. Nc3 g6 4. e4 Bg7 5. Nf3 O-O 6. Be2 Nbd7 7. Be3 e5 8. d5 Ng4 9. Bg5 f6 10. Bh4 Nh6 11. Nd2 Nf7 12. b4 h5 13. h3 Bh6 14. Nb3 b6 15. a4 Kg7 16. a5 a6 17. Na4 Bg5 18. Bg3 h4 19. Bh2 f5 20. exf5 gxf5 21. axb6 cxb6 22. c5 bxc5 23. bxc5 Nxc5 24. Naxc5 dxc5 25. O-O a5 26. Nxc5 Qd6 27. Qc2 Ra7 28. Ne6+ Bxe6 29. dxe6 Qxe6 30. Qc5 Rfa8 31. Bc4 Qe7 32. Qxe7 Rxe7 33. f4 exf4 34. Bxf7 Kxf7 35. Bxf4 Bf6 36. Ra4 Rd7 37. Be3 Rd3 38. Bf2 Kg6 39. Bxh4 Rd4 40. Rf4 Rxf4 41. Rxf4 Bxh4 42. Rxh4 a4 43. Rb4 a3 44. Rb1 a2 45. Ra1 f4 46. Kf2 Ra3 47. Ke2 Kf5 48. Kf2 Ke4 49. Ke2 Kd4 50. h4 Ke4 51. h5 Kf5 52. Kd1 Kg5 53. Kc1 Kxh5 54. Kb2 Ra8 55. Kc3 Kg4 56. Kd4 Kg3 57. Ke4 Ra4+ 0-1

[Event "Silver Lake Festival 2022"]
[Site "Veliko Gradiste"]
[Date "2022.06.21"]
[Round "4.6"]
[White "Papaioannou, Dimitrios"]
[Black "Damljanovic, Branko"]
[Result "1/2-1/2"]
[ECO "B30"]
[WhiteElo "2078"]
[BlackElo "2469"]
[Annotator "TA"]
[PlyCount "163"]
[EventDate "2022.06.16"]
[EventType "swiss"]
[EventCountry "SRB"]
[SourceTitle "playchess.com"]
[Source "ChessBase"]
[SourceQuality "1"]
[TimeControl "5400+30"]

1. e4 c5 2. Nc3 Nc6 3. Bb5 Nd4 4. Nf3 e6 5. O-O a6 6. Bd3 Nc6 {[%emt 0:00:06] B30: Sicilian: 2...Nc6 3 Bb5, lines without ...g6.} 7. Nd5 {[%emt 0:05:03] 7.e5 gains popularity.} g6 {[%emt 0:03:02] [#]} 8. c3 $1 Bg7 {[%emt 0:00:28] [#]} 9. Re1 $1 d6 (9... Nh6 10. Ne3) 10. Ne3 Nge7 11. Bc2 e5 12. b4 {[%emt 0:00:54] [#]} cxb4 $146 ({Predecessor:} 12... b6 13. a3 O-O 14. Bb3 h6 15. Nd5 Kh7 16. d3 Be6 17. Rb1 Ra7 18. Be3 f5 19. Nxe7 Qxe7 20. Bxe6 Qxe6 21. bxc5 bxc5 {½-½ (25) Gabrielian,A (2464)-Kryakvin,D (2567) Cheliabinsk 2022}) 13. a3 bxc3 14. dxc3 O-O 15. a4 Qc7 16. Bb3 Na5 17. Ba2 {[%emt 0:01:28] Hoping for Ba3.} h6 ({Don't do} 17... Qxc3 18. Ba3 $1 $16) 18. h4 Be6 19. Bxe6 (19. h5 $11) 19... fxe6 $15 20. h5 gxh5 21. Nh4 {[%emt 0:02:30] Inhibits Ng6.} Qc6 ({Reject} 21... Qxc3 22. Bd2 Qb2 23. Nf3 Rxf3 24. gxf3 $11) 22. Qxh5 Qe8 ({But not} 22... Qxc3 23. Ba3 $11) (22... Qxe4 $15 23. f3 Qd3) 23. Qd1 (23. Qg4 $5 ) 23... Qf7 24. Ra2 Ng6 25. Nxg6 Qxg6 26. Qxd6 Nc6 27. Nf5 Rf7 $1 $36 {[%emt 0:00:50][%mdl 2048] Black is more active.} 28. Nxg7 Rxg7 29. f3 h5 30. Qd2 Rf8 {[%emt 0:01:13][%cal Ba8f8,Bf8f7,Bf7g7][%mdl 32] And now ...Rxf3 would win.} 31. Kh1 Qf6 {[%emt 0:01:38] aiming for ...Qh4+.} 32. Rf1 h4 33. Ba3 Rff7 {[%emt 0:00:09] Threatens to win with ...Rg3.} 34. Bc5 Qg6 35. Bg1 Qh5 36. Kh2 Rg3 37. Bf2 $1 Rfg7 38. Be1 $1 Kh7 {[%emt 0:01:21] [#]} 39. Rh1 $1 $16 R3g6 40. g4 (40. Qe2 $16) 40... hxg3+ $1 $11 41. Kg1 {[%emt 0:00:50] The board is on fire.} Qxh1+ 42. Kxh1 Rh6+ 43. Kg1 Rh2 44. Qxh2+ gxh2+ 45. Kxh2 {[%mdl 4096] Endgame KRB-KRN} Rd7 46. Rb2 Kg6 47. Kg2 Na5 48. Rb4 Kf7 49. Kf2 Ke7 50. Ke2 Kd6 51. Bg3 Rg7 (51... Nc6 $11 52. Rb2 Kc5) 52. Rd4+ $1 $14 Kc5 53. Bxe5 Rg2+ 54. Kd3 {[%emt 0:01:39] Strongly threatening Bc7.} b5 55. axb5 axb5 56. Bd6+ Kc6 57. e5 Nc4 58. Ke4 Re2+ 59. Kf4 Ne3 60. Kg5 Nd5 61. c4 Rg2+ 62. Kh5 bxc4 63. Rxc4+ Kd7 64. Ra4 Rg3 65. f4 Rg2 66. Rd4 Kc6 67. Rc4+ Kb6 68. Rd4 {[%emt 0:00:47][%cal Of4f5] Black must now prevent f5!} Ne3 69. Kh4 Nf5+ {[%emt 0:00:29] The position is equal.} 70. Kh3 {[%emt 0:00:01] Rb4+ is the strong threat.} Rg3+ 71. Kh2 Rf3 72. Rb4+ Kc6 73. Ra4 Rb3 74. Kg2 Kd5 75. Kf2 Nd4 76. Kg2 Rb2+ 77. Kg3 Nf5+ 78. Kf3 Rb3+ 79. Kf2 Rc3 80. Kg2 Rc2+ 81. Kf3 Rc3+ 82. Kf2 {[%emt 0:00:25] Weighted Error Value: White=0.09 (flawless) /Black=0.11 (very precise)} 1/2-1/2

[Event "Silver Lake Festival 2022"]
[Site "Veliko Gradiste"]
[Date "2022.06.21"]
[Round "4.7"]
[White "Radovanovic, Nikola"]
[Black "Maksimovic, Branimir"]
[Result "1-0"]
[ECO "E99"]
[WhiteElo "2423"]
[BlackElo "2247"]
[Annotator "TA"]
[PlyCount "120"]
[EventDate "2022.06.16"]
[EventType "swiss"]
[EventCountry "SRB"]
[SourceTitle "playchess.com"]
[Source "ChessBase"]
[SourceQuality "1"]
[TimeControl "5400+30"]

1. d4 Nf6 2. c4 g6 3. Nc3 Bg7 4. e4 d6 5. Be2 O-O 6. Nf3 e5 7. O-O Nc6 8. d5 Ne7 9. Ne1 Nd7 10. Nd3 f5 11. f3 f4 12. Bd2 g5 13. Rc1 Ng6 14. c5 Rf7 15. Nb5 Nf6 16. Ba5 b6 17. cxd6 cxd6 18. Be1 {[%emt 0:00:08] E99: King's Indian: Classical Main Line: 9 Ne1 Nd7 10 f3 f5.} (18. Bb4 $5 ) 18... a6 19. Nc3 h5 {[%emt 0:06:13] [#]} 20. h3 $146 {[%emt 0:01:59] Inhibits g4.} (20. Nb4 $16) ({Predecessor:} 20. Nb4 g4 21. Na4 Rb7 22. Bxa6 Rxa6 23. Nxa6 b5 24. Ba5 Qxa5 25. Rxc8+ Kh7 26. N4c5 Ra7 27. Qe1 Qxa2 28. Nb4 Qc4 29. b3 Qd4+ 30. Kh1 {1-0 (30) Meier,G (2658)-Bromberger,S (2510) Zuerich 2009}) 20... Bh6 (20... g4 $15) 21. Nb4 $11 g4 22. Nc6 (22. hxg4 hxg4 23. fxg4 Rh7 $15) (22. Na4 $1 $11 Nxe4 23. Bd3 (23. fxe4 f3 $11) (23. hxg4 Ng3 $17)) 22... Qf8 $17 23. fxg4 $2 ({White should try} 23. Kh1 $15) 23... hxg4 $19 24. hxg4 f3 (24... Bg5 $19 {aiming for ...Rh7.} 25. Nb1 Qh6) 25. Rxf3 $17 {[%emt 0:03:17] Strongly threatening Bd2.} (25. gxf3 $2 Be3+ 26. Bf2 Qh6 27. Ne7+ (27. Bxe3 $2 Qxe3+ 28. Rf2 Nxg4 $19) 27... Rxe7 28. Bxe3 Qxe3+ 29. Rf2 Nxg4 $1 30. fxg4 Rf7 $19) 25... Nxg4 (25... Bxc1 26. Qxc1 Nf4 27. Rxf4 exf4 28. g5 $11) 26. Bd2 {[%emt 0:02:41] Prevents Be3+.} Bf4 {[%emt 0:21:48] Prevents Rg3.} (26... Bxd2 $17 27. Qxd2 Nf4 28. Rxf4 (28. Rg3 Rg7 $17) 28... Rxf4) 27. Bxf4 $15 exf4 28. Nd4 (28. Qd2 $15) 28... Ne3 (28... Qh6 29. Rh3 Qg5 30. Bxg4 Qxg4 31. Nf3 $16) 29. Qd2 Qh6 $1 $36 {[%emt 0:01:19][%mdl 2048] Keeping White busy.} 30. Ne6 $2 (30. Nd1 $17 {was the crucial defense.} Nh4 31. Rxe3 fxe3 32. Qxe3) 30... Bxe6 $19 (30... Rh7 31. Rh3 Nh4 32. Bf1 $11) 31. dxe6 Rh7 32. Rh3 {[%emt 0:05:24] Against Qh1+} Qg5 33. Rxe3 (33. Bg4 $19 Qxg4 34. Nd5) 33... fxe3 34. Qd5 {[%emt 0:00:12] [#]} Qh4 $2 35. e7+ (35. Qxa8+ Nf8) 35... Kg7 36. Qd4+ Ne5 37. Qxe3 Kh8 {[%emt 0:02:40] Hoping for ...Rg8.} 38. Nd5 (38. Rf1 $17 {only move.}) 38... Rg8 39. Bf3 $2 (39. Nf4) 39... Qg3 $2 (39... Nxf3+ 40. Qxf3 Qh1+ 41. Kf2 Qxc1 42. Qf6+ Rhg7 43. Qh4+ Rh7 44. Qf6+ Rhg7 45. Qh4+ Rh7 46. Qf6+ $11) (39... Qh2+ $19 40. Kf2 Rf7) 40. Rf1 $2 (40. Kf1 $14 Qg7 41. Rc7 Rh1+ 42. Ke2) 40... Rh2 $2 (40... Rh3 $1 $19 {( -> ...Qh4)} 41. Rf2 Nxf3+ 42. Qxf3 Qh2+ 43. Kf1 Rxf3 44. gxf3 Rg1+ 45. Ke2 Qe5) 41. Rf2 $16 Qh4 42. Kf1 b5 43. Ke2 Rc8 {[%emt 0:01:54] [#]} 44. Qc3 $3 Re8 45. Qe3 {[%emt 0:00:50] White is more active.} (45. Rf1 $16) 45... Kg7 46. b3 Rc8 $2 {[%emt 0:00:24] [#]} (46... Qh6 $14) 47. Kd2 $1 $18 b4 $2 (47... Qh6 48. Be2 Qxe3+ 49. Kxe3 Rh6) 48. Be2 {[%emt 0:00:42] Threatens to win with g3.} Rh1 49. Bxa6 $2 (49. g3 $18 {and the rest is easy.} Qh6 50. Qxh6+ Rxh6 51. Bxa6) 49... Ra8 $2 (49... Rb1 $16 50. e8=N+ (50. Bxc8 Rb2+ 51. Kc1 Rxf2 $11) 50... Rxe8) 50. Qf4 $2 Qxf4+ $16 51. Rxf4 {[%emt 0:00:10] Dancing on a razor blade.} Ng6 $2 {[%emt 0:00:18][%mdl 8192] [#]} (51... Rxa6 $16 52. e8=N+ (52. e8=Q $2 {is a self mate.} Rxa2+ 53. Ke3 Re1+ 54. Kd4 Rd2#) 52... Kg8 53. Nxb4 Ra8) 52. Rg4 $1 $18 {[%emt 0:00:39] White is clearly winning.} Kf7 {[%emt 0:00:13] [#]} (52... Rhh8 53. Bb5) 53. Rxg6 $1 Kxg6 54. Nc7 Ra1 55. Nxa8 {[%emt 0:00:21] Threatening mate with Nc7.} Rxa2+ 56. Ke3 Kf7 57. Nc7 Kxe7 58. Nd5+ Ke6 59. Nxb4 Rxg2 60. Kd4 Rd2+ {[%emt 0:00:14] Weighted Error Value: White=0.86/Black=1.11} 1-0

[Event "Silver Lake Festival 2022"]
[Site "Veliko Gradiste"]
[Date "2022.06.21"]
[Round "4.8"]
[White "Manish Anto Cristiano F"]
[Black "Krstulovic, Alex"]
[Result "1/2-1/2"]
[ECO "C01"]
[WhiteElo "2071"]
[BlackElo "2413"]
[Annotator "TA"]
[PlyCount "66"]
[EventDate "2022.06.16"]
[EventType "swiss"]
[EventCountry "SRB"]
[SourceTitle "playchess.com"]
[Source "ChessBase"]
[SourceQuality "1"]
[TimeControl "5400+30"]

1. e4 e6 2. d4 d5 3. exd5 exd5 4. Bd3 Nc6 5. Ne2 Bd6 6. Nbc3 Nb4 {[%emt 0:03:40] C01: French: Exchange Variation.} 7. Nb5 Nxd3+ 8. Qxd3 Ne7 {[%emt 0:00:05] The position is equal.} 9. Nxd6+ Qxd6 10. Bf4 Qb4+ 11. Qc3 (11. Nc3 {seems wilder.} Bf5 12. Qe3 O-O-O 13. O-O-O) 11... Qxc3+ 12. Nxc3 {[%emt 0:00:06] [#] Hoping for Nb5.} c6 {[%emt 0:00:48] [#] Inhibits Nb5.} 13. O-O-O $146 ({Predecessor:} 13. Kd2 Be6 14. Rhe1 Ng6 15. Be5 Nxe5 16. Rxe5 Kd7 17. Rae1 Rhe8 18. Na4 b6 19. b3 {½-½ (38) Monakhov,K-Konovalov,I Ekaterinburg 2000}) 13... Be6 14. Rhe1 Kd7 15. Ne2 f6 16. Bd2 g5 17. f4 h6 18. Ng3 Bg4 $1 19. Bb4 Rhe8 ({Black should play} 19... Rh7 $15 20. Rd2 gxf4) 20. fxg5 $1 $11 hxg5 21. Rd2 (21. Rd3 $5 ) 21... Nf5 22. Rxe8 (22. Rf1 $5 a5 23. Bc3 Nxg3 24. hxg3 $11) 22... Rxe8 23. Rf2 Nxg3 ({Of course not} 23... Nxd4 24. Rxf6 Ne2+ 25. Nxe2 Rxe2 26. h3 $11) 24. hxg3 $15 {[%emt 0:00:02][%mdl 4096] Endgame KRB-KRB} Ke6 25. Rf1 Bf5 26. Rh1 Kf7 {[%emt 0:01:28] Strongly threatening ...Re2.} 27. Kd2 {[%emt 0:00:53] Prevents Re2+.} Re4 28. c3 Rg4 29. Bd6 Kg7 30. a4 Be4 (30... c5 $5) 31. Rh2 Bf5 32. Rh1 Be4 (32... c5 $5) 33. Rh2 Bf5 {[%emt 0:00:08] Weighted Error Value: White=0.10 (very precise) /Black=0.12 (very precise)} 1/2-1/2

[Event "Silver Lake Festival 2022"]
[Site "Veliko Gradiste"]
[Date "2022.06.21"]
[Round "4.9"]
[White "Anuj Shrivatri"]
[Black "Herega, Nejc"]
[Result "1-0"]
[ECO "D42"]
[WhiteElo "2356"]
[BlackElo "2160"]
[Annotator "TA"]
[PlyCount "51"]
[EventDate "2022.06.16"]
[EventType "swiss"]
[EventCountry "SRB"]
[SourceTitle "playchess.com"]
[Source "ChessBase"]
[SourceQuality "1"]
[TimeControl "5400+30"]

1. Nf3 Nf6 2. c4 c5 3. Nc3 Nc6 4. e3 e6 5. d4 d5 6. cxd5 Nxd5 7. Bd3 Be7 {[%emt 0:02:14] 7...Be7 scores better than 7...cxd4.} 8. O-O O-O 9. a3 b6 {[%emt 0:06:01] D42: Queen's Gambit Declined: Semi-Tarrasch: 5 cxd5 Nxd5 6 e3 Nc6 7 Bd3 .} 10. Qc2 Nxc3 11. Qxc3 Bb7 {[%emt 0:04:13] The position is equal.} 12. dxc5 bxc5 13. Qc2 h6 14. Bd2 Qb6 15. Bc3 Rac8 16. Qa4 Rfd8 17. Rfd1 {[%emt 0:00:45][%cal Bf1d1,Bd1d6,Bd6d7][%mdl 32] [#] White is more active.} Rd6 $146 {[%emt 0:03:37] This costs Black the game.} ({Black should play} 17... Qc7 $14) ({Predecessor:} 17... Bf8 18. Qe4 g6 19. Qf4 Bg7 20. h4 Qc7 21. Qg4 Bxc3 22. bxc3 Ne5 23. Nxe5 Qxe5 24. Rab1 Ba8 25. h5 {½-½ (25) Semyonov,K (2240)-Amanov,Z (2382) Astrakhan 2008}) 18. Qg4 $40 {[%emt 0:03:17][%csl Gc3][%cal Rg4g7][%mdl 128] Black is in trouble.} Bf8 {[%emt 0:02:15] [#]} 19. Bh7+ $1 Kxh7 20. Rxd6 {[%emt 0:00:26] Threatens to win with Rad1.} f5 $2 {[%emt 0:00:23] [#]} (20... Qc7 {was necessary.}) 21. Qh5 $1 ({Not} 21. Qg3 Nd4 22. Rxd4 (22. exd4 Qxd6 23. Ne5 g5 $11) (22. Ng5+ Kg8 $14) 22... cxd4 23. Bxd4 Qc7 24. Qxc7 (24. Ne5 $2 Qc1+ 25. Rxc1 Rxc1#) 24... Rxc7 $16) 21... Kg8 (21... Qc7 $142 22. Rxe6 Kg8 23. Qxf5 Rd8) 22. Rd7 {[%emt 0:01:14] Threatening mate with Qf7+.} Ne7 23. Ne5 Rd8 24. Qf7+ Kh8 25. Ng6+ Nxg6 26. Bxg7+ {[%emt 0:00:14] Weighted Error Value: White=0.01 (flawless) /Black=0.92} 1-0